Construct Infanterie Kompanie
Selects Luftwaffe Battlegroup
Selects Luftwaffe Pioneer Support
Fallschirmpioneer Squad Paradrop
Fallschirmpioneer Squad Paradrop
Fallschirmpioneer Squad Paradrop
Infanterie Officer Quarters
Fallschirmpioneer Squad Paradrop
Selects Stuka Strafing Run
Selects Fallschirmjäger Squad Paradrop
Construct Luftwaffe Kompanie
Selects Flak 38 Anti-Air Emplacement
Fallschirmpioneer Squad Paradrop
Fallschirmjäger Squad Paradrop
Marder III M Tank Destroyer
Fallschirmpioneer Squad Paradrop
Selects Fragmentation Bombs
Construct Panzergrenadier Kompanie
Fallschirmpioneer Squad Paradrop
Selects Infantry Reserves
Nebelwerfer 42 Rocket Launcher Team